[Event "DSOL-KO 2022"]
[Site "Germany"]
[Date "2022.05.13"]
[Round "2"]
[White "Heinsohn, Guenther"]
[Black "Meyer-Dunker, Paul"]
[Result "1/2-1/2"]
[ECO "C25"]
[WhiteElo "1942"]
[BlackElo "1820"]
[Annotator "TA"]
[PlyCount "114"]
[EventDate "2022.01.31"]
[EventType "team-tourn"]
[EventCountry "GER"]
[SourceTitle "playchess.com"]
[Source "ChessBase"]
[SourceQuality "1"]
[WhiteTeam "TSG Taucha I"]
[BlackTeam "SK Johanneum Eppendorf I"]
[TimeControl "2700+15"]

1. e4 e5 2. Nc3 Nc6 3. g3 Bc5 4. Bg2 a6 5. d3 d6 6. Nge2 Nf6 {C25: Vienna Game: Alternatives to 2...Nf6.} 7. h3 {was the old line (7.0-0).} h6 8. O-O g5 (8... O-O $11) 9. Be3 $14 {[#]} Be6 $146 ({Predecessor:} 9... g4 10. h4 Bxe3 11. fxe3 Nh5 12. Nd5 O-O 13. c4 Kg7 14. Rc1 Ne7 15. Nxe7 Qxe7 {½-½ (53) Mamedov,R (2657)-Vallejo Pons,F (2684) Berlin 2015}) 10. d4 exd4 11. Nxd4 Qd7 ({Black should play} 11... Bxd4 $14 12. Bxd4 Nxd4 13. Qxd4 O-O) 12. Nxc6 $1 $18 bxc6 13. Bxc5 dxc5 14. Qxd7+ (14. Qf3 $18 {is more deadly.} Qe7 15. e5) 14... Nxd7 $16 15. Rfe1 Rb8 16. b3 f6 (16... Nb6 $142) 17. e5 Kf7 18. exf6 (18. Bxc6 $6 Nxe5 19. Bg2 Rbd8 $14) 18... Nxf6 19. Re5 {Inhibits Bd5.} c4 20. Rae1 (20. Bxc6 $6 Bxh3 21. Rc5 (21. bxc4 Rhf8 $16) 21... Be6 $16) 20... cxb3 $2 (20... Bd7 {is more resistant.} 21. Re7+ (21. bxc4 Rhe8 $16) 21... Kg6) 21. axb3 $2 (21. Rxe6 $18 {is the precise move to win.} bxa2 22. Re7+ Kg6 23. Bxc6) 21... Bd7 22. Bf1 (22. Ra1 $18) 22... Rhe8 23. Bc4+ Kg6 (23... Nd5 $142) 24. g4 {White is more active.} Rxe5 25. Rxe5 {And now Re7 would win.} Re8 {Inhibits Re7.} 26. Bd3+ Kf7 27. Ra5 Re1+ 28. Kh2 Ke7 29. Bxa6 (29. Rxa6 $16 {Threatens to win with f3.} Kd6 30. f3) 29... Nd5 (29... Be6 $14 {feels stronger.}) 30. Nxd5+ cxd5 {[%mdl 4096] Endgame KRB-KRB} 31. Bb7 ({Reject} 31. Rxd5 Bc6 32. Rc5 Rh1+ 33. Kg3 Kd6 $11) 31... Re2 32. Kg3 ({Much weaker is} 32. Rxd5 Rxf2+ 33. Kg3 Rxc2 $15) 32... Rxc2 33. Bxd5 Rc3+ 34. f3 $1 Kd6 {[#]} 35. Bc4 ({White should try} 35. h4 $1 $16) 35... c5 $2 (35... Bc6 $14) 36. Ra6+ $18 Bc6 {[#]} (36... Kc7 $142 37. Rxh6 Bc6) 37. Bb5 $1 Rxf3+ 38. Kg2 Rxb3+ 39. Bxc6 {Intending Ba4+ and mate. KRB-KR} ({Less strong is} 39. Rxc6+ Kd5 $18) 39... Rb2+ 40. Kg3 c4 41. Be8+ Ke5 42. Rxh6 c3 $2 (42... Kd4 43. Rd6+ Ke4) 43. Rc6 Kd4 44. Bg6 Re2 45. Rd6+ Kc5 46. Rd8 Kb4 47. Rc8 Re3+ 48. Kg2 Re2+ 49. Kf3 Rh2 50. Ke4 Rf2 51. Ke3 (51. Kd4 $142 Rf3 52. Bd3 Rxh3 53. Rc4+ Kb5 54. Rxc3+ Kb6 55. Rc5 Rg3 56. Rxg5) 51... Rh2 52. Rb8+ Ka3 53. Kd3 (53. Kd4 {mates} Rxh3 54. Bf5 Rg3 55. Rc8 Kb3 56. Rc7 Kb2 57. Rh7 Kb3 58. Rh2) 53... c2 $11 {The position is equal.} 54. Rc8 {White threatens Kd4 and mate.} Kb2 55. Rb8+ Ka3 56. Ra8+ Kb2 57. Rb8+ Ka3 {Weighted Error Value: White=0.32/Black=0.51} 1/2-1/2

[Event "DSOL-KO 2022"]
[Site "Germany"]
[Date "2022.05.10"]
[Round "2"]
[White "Sander, Jean Louis"]
[Black "Lehmann, Martin"]
[Result "1-0"]
[ECO "B90"]
[WhiteElo "1932"]
[BlackElo "1624"]
[Annotator "TA"]
[PlyCount "111"]
[EventDate "2022.01.31"]
[EventType "team-tourn"]
[EventCountry "GER"]
[SourceTitle "playchess.com"]
[Source "ChessBase"]
[SourceQuality "1"]
[WhiteTeam "Hamburger SK II"]
[BlackTeam "Brackweder SK I"]
[TimeControl "2700+15"]

1. e4 c5 2. Nf3 d6 3. d4 cxd4 4. Nxd4 Nf6 5. Nc3 a6 6. Be3 e5 7. Nb3 Be6 8. f3 Nbd7 9. Qd2 b5 10. O-O-O Nb6 11. g4 {B90: Sicilian Najdorf: Unusual White 6th moves, 6 Be3 Ng4 and 6 Be3 e5.} (11. Bg5 $11) 11... Nc4 (11... b4 $5 12. Nb1 Nc4 13. Bxc4 Bxc4 $11) 12. Bxc4 bxc4 13. Na1 {[#] Black is slightly better.} Rb8 $146 ({Predecessor:} 13... Be7 14. Kb1 O-O 15. Na4 Rb8 16. c3 Qa5 17. Qc2 Bd7 18. Nb6 Rxb6 19. Bxb6 Qxb6 {0-1 (38) Maranhao,J (1923)-Ward,I (2028) Chess.com INT 2021}) 14. g5 Nd7 15. Nd5 (15. h4 {is more complex.} Qa5 16. a3 Be7 17. Nd5) 15... Bxd5 16. exd5 (16. Qxd5 $11 {keeps the balance.} c3 17. bxc3) 16... Qc7 17. f4 Be7 18. f5 (18. fxe5 $142 Nxe5 19. Bd4) 18... f6 $17 19. h4 Nc5 (19... Qb7 $17 20. b3 O-O) 20. Bxc5 $15 Qxc5 21. Rh3 (21. c3 $15) 21... Bd8 $40 {[%mdl 128] Black attacks.} (21... Qb5 $19 22. b3 Qd7) 22. gxf6 ({White should try} 22. c3 $15) 22... Bxf6 $19 23. Qe3 (23. c3 $17) 23... Qb5 24. Qa3 O-O 25. c3 Qb6 (25... a5 $19 26. Nc2 e4) 26. Nc2 $17 Qf2 ({Better is} 26... a5 $17 27. Ne3 Bxh4 $1) 27. Qxd6 $11 Rb6 28. Qa3 {[#]} (28. Qc7 $11) 28... Rfb8 $1 $17 (28... Bxh4 29. d6 $15) 29. Rhh1 $2 (29. d6 $17 {was the crucial defense.}) 29... Qxf5 $2 (29... e4 $19 {has better winning chances.} 30. Rdf1 Qg3) 30. d6 {[#]} Qf4+ (30... Bxh4 $1 $17 {[%cal Oh7h5] Hoping for ...h5!} 31. d7 Bg5+ 32. Kb1 R6b7) 31. Kb1 $11 e4 {Strongly threatening ...e3.} 32. d7 Rd8 (32... Bxh4 $2 33. Ka1 $18) ({Black should play} 32... Qf3 $11 33. Ka1 (33. Nb4 e3 $15) 33... Rxb2 34. d8=Q+ Rxd8 35. Rxd8+ Bxd8 36. Kxb2 Qxh1) 33. Qc5 $1 $16 {[%csl LRb6,LRc4] Really sharp!} Rbb8 (33... Qb8 $16 34. Nb4 (34. Qxc4+ Kh8 $16) 34... Kh8) 34. Qxc4+ $18 Kh8 35. Rhe1 Qxh4 36. Rxe4 ({Not} 36. Qxe4 Qxe4 37. Rxe4 Bxc3 38. Re8+ Rxe8 39. dxe8=Q+ (39. dxe8=R+ Rxe8 40. bxc3 g5 $18) 39... Rxe8 $18) 36... Qh5 37. Ree1 Qf5 38. Qe2 $2 (38. Rd5 $18 {is more deadly.} Qf2 39. Qd3) 38... Qg6 (38... h5 $16) 39. Ka1 {And now Nb4 would win.} Qf7 40. Qd3 (40. Qxa6 Rxd7 41. Nb4 Rxd1+ 42. Rxd1 h5 $16) ({White must play} 40. Qe6 $18 Qxe6 41. Rxe6) 40... Rb7 $1 $14 41. Qxa6 (41. Rh1 {with more complications.} h6 42. Qxa6 Rbxd7 43. Rxd7 Qxd7 44. a3) 41... Rbxd7 42. Rxd7 Qxd7 43. a4 h6 (43... h5 $1 $11) 44. Qb5 Qd2 $2 (44... g5 $16) 45. Re8+ $18 Rxe8 46. Qxe8+ {[%mdl 4096] Endgame KQB-KQN} Kh7 {Threatens to win with ...Qc1+.} 47. Qe4+ Kg8 $2 (47... g6 48. Ka2 Qd7) 48. a5 Bxc3 $2 (48... Qd6 49. Qa4 Bd8) 49. Qa8+ $2 ({Less strong is} 49. bxc3 Qxc3+ 50. Kb1 Qxa5 $16) (49. Qc4+ $18 Kh7 50. Qxc3) 49... Kh7 $11 {( -> ...Qc1+)} 50. bxc3 ({Resist} 50. Qe4+ Kh8 51. bxc3 Qxc3+ 52. Kb1 Qxa5 $14) 50... Qxc3+ (50... Qc1+ $11 51. Ka2 Qxc2+ 52. Ka3 Qxc3+ 53. Ka2 Qd2+ 54. Kb3 Qd3+ 55. Kb4 Qd6+ 56. Kb5 Qd3+ 57. Kb4 Qd6+ 58. Kb5 Qd3+ 59. Kc5 Qe3+ 60. Kb4 Qe7+ 61. Ka4 Qd7+ 62. Kb4 Qe7+ 63. Ka4 Qd7+ 64. Kb4 Qe7+) 51. Kb1 $18 {White is clearly winning.} Qb3+ 52. Kc1 Qa4 53. a6 h5 54. a7 h4 55. Qb8 Qa6 56. a8=Q {Quite a comeback for White.  Weighted Error Value: White=0.70/Black=0.78} 1-0

[Event "DSOL-KO 2022"]
[Site "Germany"]
[Date "2022.05.13"]
[Round "2"]
[White "Blübaum, Matthias"]
[Black "Carlstedt, Jonathan"]
[Result "1-0"]
[ECO "A71"]
[WhiteElo "1930"]
[BlackElo "1832"]
[Annotator "TA"]
[PlyCount "63"]
[EventDate "2022.01.31"]
[EventType "team-tourn"]
[EventCountry "GER"]
[SourceTitle "playchess.com"]
[Source "ChessBase"]
[SourceQuality "1"]
[WhiteTeam "SF Deizisau I"]
[BlackTeam "SV Werder Bremen I"]
[TimeControl "2700+15"]

1. d4 Nf6 2. c4 e6 3. Nc3 c5 4. d5 exd5 5. cxd5 d6 6. Nf3 g6 7. Bg5 Bg7 8. Nd2 h6 9. Bh4 O-O 10. e4 Nbd7 11. Be2 Re8 12. O-O a6 13. a4 $1 Qc7 {A71: Modern Benoni: 6 e4 g6 7 Nf3 Bg7 8 Bg5 without Be2.} 14. Qc2 Ne5 15. f4 Neg4 (15... Ned7 $16 {was called for.}) 16. Nc4 $18 {Strongly threatening h3.} Nh7 17. e5 dxe5 18. d6 {[#]} Qc6 $146 {[#]} ({Predecessor:} 18... Qb8 19. Nd5 g5 20. fxg5 hxg5 21. Bg3 b5 22. axb5 Ra7 23. b6 Rb7 24. Rxa6 Be6 {1-0 (41) Aguiar Garcia,J-Jimenez Clavero,M Malaga 1982}) 19. Qd1 $2 {Active counter play!} (19. Bf3 $6 e4 20. Bxe4 Bd4+ 21. Kh1 Rxe4 22. Qxe4 Be6 $16) (19. h3 $1 $18 ) 19... Be6 $14 20. Bf3 {Against e4} (20. Bxg4 Bxc4 21. Re1 (21. d7 Red8 $17) 21... f5 $11) 20... e4 $1 21. Bxe4 Qd7 22. Bd5 Bd4+ 23. Kh1 Nhf6 24. Bxe6 Qxe6 25. Qd3 {Threatens to win with Rae1.} g5 (25... b5 $14 26. axb5 Bxc3) 26. fxg5 $16 hxg5 27. Bxg5 b5 (27... Nf2+ {[#]} 28. Rxf2 $1 Bxf2 29. Rf1) (27... Nd7 $16) 28. Bxf6 $18 {The board is on fire.} (28. axb5 axb5 29. Rxa8 (29. Nxb5 $2 Rxa1 30. Bh4 Qe4 $19) 29... Rxa8 $11) 28... bxc4 $2 {[#]} (28... Bxf6 {keeps fighting.} 29. d7 (29. axb5 axb5 30. Rxa8 Rxa8 $18) 29... bxc4 30. dxe8=Q+ Rxe8) 29. Qg3 $1 {[%cal Of1f4] And now Rf4! would win.} Bxf6 30. Rf4 Kh7 $2 (30... Bg7) 31. Rxg4 {White wants to mate with Ne4.} Qe3 {Prevents Ne4.} 32. Nd5 {Weighted Error Value: White=0.19 (very precise) /Black=0.50} 1-0

[Event "DSOL-KO 2022"]
[Site "Germany"]
[Date "2022.05.13"]
[Round "2"]
[White "Brock, Friedemann"]
[Black "Keyser, Robin"]
[Result "1/2-1/2"]
[ECO "E15"]
[WhiteElo "1919"]
[BlackElo "1850"]
[Annotator "TA"]
[PlyCount "125"]
[EventDate "2022.01.31"]
[EventType "team-tourn"]
[EventCountry "GER"]
[SourceTitle "playchess.com"]
[Source "ChessBase"]
[SourceQuality "1"]
[WhiteTeam "TSG Taucha I"]
[BlackTeam "SK Johanneum Eppendorf I"]
[TimeControl "2700+15"]

1. d4 Nf6 2. c4 e6 3. Nf3 b6 4. g3 Ba6 5. b3 Bb4+ 6. Bd2 Be7 7. Bg2 c6 8. Bc3 d5 9. Nbd2 O-O 10. O-O Nbd7 11. Re1 c5 12. e4 Bb7 {[%cal Rf6e4] E15: Queen's Indian: 4 g3 sidelines, 4 g3 Ba6 and 4 g3 Bb7 early deviations.} 13. cxd5 exd5 14. e5 {[#]} Ne4 $146 {White is slightly better.} ({Predecessor:} 14... Ne8 15. Bb2 Nc7 16. Nf1 Re8 17. Ne3 Bf8 18. Rc1 Rc8 19. h4 Ne6 20. Nf5 Nb8 {1-0 (64) Tudor,V (2288)-Baban,C (1810) ICCF email 2017}) 15. Nxe4 dxe4 16. Nd2 cxd4 17. Bxd4 Bb4 18. Re2 ({Better is} 18. Bxe4 $16 Bxe4 19. Rxe4) 18... Qb8 (18... Bxd2 $14 19. Qxd2 Re8) 19. Bxe4 (19. e6 $142 fxe6 20. Nxe4) 19... Bxe4 20. Rxe4 Re8 ({Black should play} 20... Nc5) 21. Nf3 Qb7 22. Qe2 Rac8 (22... Nf6 $16 23. Rh4 Nd5) 23. e6 $18 {And now exf7+ would win.} Nc5 (23... Nf8 {keeps fighting.}) 24. Bxc5 Bxc5 25. Re1 {Threatens to win with exf7+.} Kh8 (25... fxe6 $16 26. b4 (26. Rxe6 Rf8 $16) 26... Bf8) 26. exf7 Rxe4 27. Qxe4 Qxf7 28. b4 (28. Ng5 $18 Qg6 29. Qxg6 hxg6 30. Kg2) 28... Bf8 {[#]} (28... Bxb4 $16 29. Ng5 (29. Qxb4 Qxf3 30. Qb3 Qb7 $11) 29... Qg6 30. Qxb4 Qxg5) 29. Ng5 $1 Qg6 30. Qxg6 hxg6 {[%mdl 4096] Endgame KRB-KRN} 31. Re4 Kg8 32. Kg2 Rc2 33. a4 a6 (33... b5 $142 34. axb5 Rc8) 34. Ne6 (34. Re8 $18 {has better winning chances.}) 34... Ra2 35. Nxf8 {White is more active.} Kxf8 $16 {KR-KR} 36. Re6 Rxa4 37. Rxb6 Kf7 {[#]} 38. h4 $1 a5 39. bxa5 Rxa5 40. g4 Ra3 41. f3 Ra2+ 42. Kg3 Ra4 43. Rb7+ Kf8 44. Rd7 Rb4 45. g5 Ra4 46. f4 (46. Rb7 $16) 46... Ra3+ 47. Kg4 {Black must now prevent h5.} Ra1 $1 48. Rd3 Rg1+ 49. Rg3 Rf1 50. Rg2 Kf7 {The position is equal.} 51. Ra2 Rg1+ 52. Kf3 Rh1 53. Ra7+ Kg8 54. Kg3 Kf8 55. Ra5 Rf1 56. Kg4 Rg1+ 57. Kf3 Rf1+ 58. Kg3 Kf7 59. Ra7+ Kg8 60. Ra5 Kf7 61. Ra7+ Kg8 62. Ra6 Kf7 63. Ra7+ {White really could win this.  Weighted Error Value: White=0.18 (very precise) /Black=0.20 (precise)} 1/2-1/2

[Event "DSOL-KO 2022"]
[Site "Germany"]
[Date "2022.05.10"]
[Round "2"]
[White "Ketzner, Marcel"]
[Black "Hahn, Peter"]
[Result "1-0"]
[ECO "E43"]
[WhiteElo "1913"]
[BlackElo "1751"]
[Annotator "TA"]
[PlyCount "73"]
[EventDate "2022.01.31"]
[EventType "team-tourn"]
[EventCountry "GER"]
[SourceTitle "playchess.com"]
[Source "ChessBase"]
[SourceQuality "1"]
[WhiteTeam "SC Agon Neumünster"]
[BlackTeam "SK Kelheim II"]
[TimeControl "2700+15"]

1. d4 Nf6 2. c4 e6 3. Nc3 Bb4 4. a3 Bxc3+ 5. bxc3 b6 6. Nf3 Bb7 7. e3 Ne4 8. Qc2 f5 9. Bd3 O-O 10. O-O d6 11. Bb2 {E43: Nimzo-Indian: Rubinstein: 4...b6.} (11. a4 $11) 11... Nd7 12. Nd2 Nxd2 13. Qxd2 {Black is slightly better.} Qg5 14. f3 Rf6 {[#]} 15. Rad1 $146 ({Predecessor:} 15. Rf2 Raf8 16. Re1 Rh6 17. e4 f4 18. Bc2 Qh4 19. h3 Qg3 20. Kf1 c5 21. Ba4 {0-1 (44) Richie Guillen,C-Requena Torres,L (1654) Guaynabo 2020}) 15... Qh5 (15... Rh6 {is more complex.} 16. a4 a5 17. Bc1 Rf8) 16. Qf2 Raf8 17. g3 g5 18. f4 g4 19. Rfe1 Rh6 (19... Qg6 $15) 20. e4 $11 Nf6 ({Black should try} 20... Bxe4 $11 21. Bxe4 fxe4) 21. exf5 $14 Bf3 $2 (21... exf5 $14 22. d5 Nd7) 22. Be2 $4 (22. fxe6 $18 Bxd1 23. Rxd1) 22... exf5 $2 (22... Ne4 23. h4 Nxf2 24. Kxf2 Qxf5) 23. Bxf3 (23. c5 $142) 23... gxf3 $19 24. Qc2 (24. Bc1 $142 Ng4 25. Qxf3 Qxh2+ 26. Kf1) 24... Ne4 25. Rxe4 fxe4 26. Re1 Re8 27. Bc1 Qf5 {Prevents c5.} 28. Be3 Qa5 29. Qb3 Rh3 {Threatens to win with ...Qh5.} 30. c5+ Kg7 31. cxd6 (31. Bf2 $142 Rh6 32. f5) 31... cxd6 {[%cal Oh3h2] White must now prevent ...Rxh2!} 32. Qc4 {[#]} Re7 (32... Rxh2 $142 $3 33. d5 (33. Kxh2 $2 {too greedy.} Qh5+ 34. Kg1 Qh3 $19) (33. Qc7+ Kf8) 33... Rg2+ 34. Kh1 Kf7) 33. d5 {[#]} Qxa3 $2 (33... Kf7 $1 $19 34. Rd1 Qxa3) 34. Qc8 $36 {[%mdl 2048] And now Bd4+ would win. White is more active. Chess con chili.} Rh6 {Hoping for ...Qa2.} 35. f5 $2 (35. Bd4+ $11 Kf7 36. Qf5+ Ke8 37. Qc8+ Kf7 38. Qf5+ Ke8 39. Qc8+ Kf7) 35... Qb2 $2 (35... Rf6 {( -> ...Qb2)} 36. Qc4 Qb2) 36. Bxh6+ $19 Kf7 $4 (36... Kxh6 $19 37. Qf8+ Kh5 38. g4+ Kxg4 39. Rxe4+ Rxe4 40. Qg7+ Kxf5 41. Qf7+ Kg4 42. Qg7+ Kf5 43. Qf7+ Ke5 44. Qe6+ Kf4 45. Qh6+ Kf5 46. Qh5+ Kf6 47. Qxf3+ Kg7 48. Qxe4 Qc1+ 49. Kg2 Qg5+ 50. Kh1 a5) 37. Qf8# {Weighted Error Value: White=0.80/Black=1.41} 1-0

[Event "DSOL-KO 2022"]
[Site "Germany"]
[Date "2022.05.09"]
[Round "2"]
[White "Behrens, Soeren"]
[Black "Gronemeyer, Moritz Jakob"]
[Result "1/2-1/2"]
[ECO "B38"]
[WhiteElo "1902"]
[BlackElo "1783"]
[Annotator "TA"]
[PlyCount "66"]
[EventDate "2022.01.31"]
[EventType "team-tourn"]
[EventCountry "GER"]
[SourceTitle "playchess.com"]
[Source "ChessBase"]
[SourceQuality "1"]
[WhiteTeam "Findorffer SF"]
[BlackTeam "ESV Rot-Weiß Göttingen III"]
[TimeControl "2700+15"]

1. e4 c5 2. c4 Nc6 3. Ne2 Nf6 4. Nbc3 d6 5. d4 cxd4 6. Nxd4 g6 7. Be2 Bg7 8. Be3 O-O 9. O-O Bd7 10. Rc1 a6 11. a3 {B38: Sicilian: Maroczy Bind with 5...Bg7 and 7...0-0.} Rc8 12. Nxc6 Bxc6 13. f3 {White is slightly better.} Nd7 14. Qd2 {[#]} Re8 $146 ({Predecessor:} 14... b6 15. b4 Bb7 16. Bg5 Re8 17. Nd5 a5 18. f4 axb4 19. axb4 Ra8 20. Bf3 f6 {1-0 (35) Krasenkow,M (2570)-Luik,H (2325) Jyvaskyla 1991}) 15. b4 {Hoping for b5.} Nb8 (15... Nb6 $11 {remains equal.}) 16. Rfd1 (16. b5 $142) 16... Bd7 17. Nd5 ({Better is} 17. Bf2 $16) 17... Be6 (17... Ba4 $14) 18. Bb6 Qd7 19. Bd4 (19. Bf2 $16) 19... Bxd4+ 20. Qxd4 {[#] Nb6 is the strong threat.} Nc6 21. Qe3 {And now Nb6 would win. White is much more active.} Bxd5 22. cxd5 ({Reject} 22. Rxd5 e6 23. Rdd1 e5 $11) 22... Ne5 23. f4 (23. h3 $1 $14 b5 24. a4) 23... Ng4 $11 {The position is equal.} 24. Bxg4 Qxg4 25. h3 Qd7 26. Rxc8 Rxc8 {[%mdl 4096] Endgame KQR-KQR} 27. Rc1 {Prevents Qc7.} Rc7 28. Rxc7 Qxc7 {KQ-KQ} 29. Kf2 Qc2+ 30. Qe2 Qc3 31. Qe3 Qc2+ 32. Qe2 Qc3 33. Qe3 Qc2+ {Weighted Error Value: White=0.16 (very precise) /Black=0.20 (precise)} 1/2-1/2

[Event "DSOL-KO 2022"]
[Site "Germany"]
[Date "2022.05.13"]
[Round "2"]
[White "Rustem Dautov"]
[Black "Buchal, Stephan"]
[Result "1/2-1/2"]
[ECO "E62"]
[WhiteElo "1897"]
[BlackElo "1821"]
[Annotator "NA RC COMBH"]
[PlyCount "109"]
[EventDate "2022.01.31"]
[EventType "team-tourn"]
[EventCountry "GER"]
[SourceTitle "playchess.com"]
[Source "ChessBase"]
[SourceQuality "1"]
[WhiteTeam "SF Deizisau I"]
[BlackTeam "SV Werder Bremen I"]
[TimeControl "2700+15"]

1. d4 g6 2. Nf3 Bg7 3. c4 d6 4. Nc3 Nf6 5. g3 O-O 6. Bg2 Nc6 7. O-O e5 8. d5 Nb8 9. e4 a5 10. Ne1 Na6 11. Nd3 Nd7 12. Be3 Nac5 13. a3 Nxd3 14. Qxd3 Nc5 15. Qc2 f5 16. exf5 Bxf5 17. Ne4 Nxe4 18. Bxe4 b6 19. b4 axb4 20. axb4 Qd7 21. c5 bxc5 22. bxc5 dxc5 23. Bxc5 Rxa1 24. Rxa1 Rd8 25. f3 Bf8 26. Bxf8 Rxf8 27. Rc1 Rf7 28. Qc6 Qe7 29. Bxf5 gxf5 30. Re1 e4 31. fxe4 fxe4 32. Qc4 Qf6 33. Qxe4 Qf2+ 34. Kh1 Qf3+ 35. Qxf3 Rxf3 36. Re8+ Kg7 37. Kg2 Rf7 38. g4 Rd7 39. Re5 Rd6 40. Re7+ Kg6 41. Rxc7 Rxd5 42. h4 Rd3 43. Rc6+ Kg7 44. g5 Ra3 45. Rf6 Rb3 46. Kf2 Rh3 47. Rh6 Kg8 48. h5 Kg7 49. Kg2 Ra3 50. Rc6 Ra5 51. h6+ Kf7 52. Rc7+ Kg8 53. Rg7+ Kh8 54. Kf3 Rxg5 55. Rxg5 1/2-1/2

[Event "DSOL-KO 2022"]
[Site "Germany"]
[Date "2022.05.13"]
[Round "2"]
[White "Seidel, Mika"]
[Black "Schoeneberg, Manfred"]
[Result "1/2-1/2"]
[ECO "E06"]
[WhiteElo "1896"]
[BlackElo "1742"]
[Annotator "NA RC COMBH"]
[PlyCount "26"]
[EventDate "2022.01.31"]
[EventType "team-tourn"]
[EventCountry "GER"]
[SourceTitle "playchess.com"]
[Source "ChessBase"]
[SourceQuality "1"]
[WhiteTeam "SK Johanneum Eppendorf I"]
[BlackTeam "TSG Taucha I"]
[TimeControl "2700+15"]

1. c4 Nf6 2. Nf3 e6 3. Nc3 d5 4. d4 Be7 5. g3 O-O 6. Bg2 c5 7. dxc5 dxc4 8. Qa4 Bxc5 9. Qxc4 Qc7 10. Be3 Na6 11. Bxc5 Qxc5 12. Qxc5 Nxc5 13. O-O Rb8 1/2-1/2

[Event "DSOL-KO 2022"]
[Site "Germany"]
[Date "2022.05.13"]
[Round "2"]
[White "Rath, Mark"]
[Black "Pottgiesser, Ulrich"]
[Result "1-0"]
[ECO "A03"]
[WhiteElo "1895"]
[BlackElo "1892"]
[Annotator "NA RC COMBH"]
[PlyCount "105"]
[EventDate "2022.01.31"]
[EventType "team-tourn"]
[EventCountry "GER"]
[SourceTitle "playchess.com"]
[Source "ChessBase"]
[SourceQuality "1"]
[WhiteTeam "SG Porz IV"]
[BlackTeam "SC Leinfelden II"]
[TimeControl "2700+15"]

1. f4 d5 2. e3 Nf6 3. Nf3 g6 4. b3 Bg7 5. Bb2 O-O 6. Nc3 e6 7. Be2 Re8 8. O-O c6 9. Ne5 Nbd7 10. a4 a6 11. Rb1 Rb8 12. d4 Qc7 13. Ba3 b5 14. axb5 cxb5 15. Bb2 b4 16. Na4 a5 17. Nxd7 Nxd7 18. Qc1 Bb7 19. c4 Rec8 20. c5 Bc6 21. Ra1 Bb5 22. Bxb5 Rxb5 23. Qc2 Qc6 24. Bc1 Nf6 25. Bd2 Ne4 26. Nb2 f5 27. Nd1 Ra8 28. Nf2 Nxf2 29. Kxf2 Ra7 30. Ra4 Rbb7 31. Rfa1 Qb5 32. Kf3 Bf6 33. Rg1 Bd8 34. Be1 Qc6 35. g4 Rf7 36. h3 Bc7 37. g5 Re7 38. Bxb4 Bb6 39. Ba3 Bc7 40. b4 Qb5 41. bxa5 Bxa5 42. Rb1 Qc6 43. Bc1 Bd8 44. Rxa7 Rxa7 45. Qb3 Qa6 46. Qb5 Qxb5 47. Rxb5 Kf8 48. Rb3 Ra1 49. Bd2 Rh1 50. Kg2 Rd1 51. Bb4 Ra1 52. Ra3 Ra2+ 53. Rxa2 1-0

[Event "DSOL-KO 2022"]
[Site "Germany"]
[Date "2022.05.09"]
[Round "2"]
[White "Mueller, Riyanna"]
[Black "Niese, Dieter"]
[Result "1-0"]
[ECO "C02"]
[WhiteElo "1889"]
[BlackElo "1870"]
[Annotator "NA COMBH"]
[PlyCount "27"]
[EventDate "2022.01.31"]
[EventType "team-tourn"]
[EventCountry "GER"]
[SourceTitle "playchess.com"]
[Source "ChessBase"]
[SourceQuality "1"]
[WhiteTeam "SC Landskrone"]
[BlackTeam "SV Königsbrück I"]
[TimeControl "2700+15"]

1. e4 e6 2. d4 d5 3. e5 c5 4. c3 Nc6 5. Nf3 Nge7 6. Na3 Ng6 7. Nc2 Be7 8. Be2 O-O 9. O-O a5 10. Be3 Bd7 11. Qd2 Rc8 12. Rac1 h6 13. b3 cxd4 14. cxd4 1-0